 Dungeon Crawl Stone Soup version 0.30.0-29-ga12c61a403 (webtiles) character file.

Game seed: 17057346034458201070

43165 Peloso the Peltast (level 13, -28/119 HPs)
             Began as a Minotaur Fighter on June 24, 2023.
             Was the Champion of Okawaru.
             Killed from afar by a storm dragon (shapeshifter) (44 damage)
             ... with a bolt of lightning
             ... on level 13 of the Dungeon.
             The game lasted 00:40:57 (18936 turns).

Peloso the Peltast (Minotaur Fighter)              Turns: 18936, Time: 00:40:59

Health: -28/119    AC: 39    Str: 24    XL:     13   Next: 89%
Magic:  12/13      EV:  9    Int:  5    God:    Okawaru [******]
Gold:   1899       SH: 23    Dex: 14    Spells: 12/12 levels left

rFire   + . .        a - +5 scimitar of the Bespelling Hawk {heavy, rF+}
rCold   . . .        d - +0 tower shield
rNeg    . . .        Q - +6 crystal plate armour of the Disturbing Hells {Str+2}
rPois   .            g - +0 hat {Stlth+}
rElec   .            (no cloak)
rCorr   .            (no gloves)
SInv    .            L - +1 pair of boots {Stlth+}
Will    +....        x - amulet of regeneration Stlth
                     h - +4 ring of protection
HPRegen 1.19/turn    G - ring of willpower
MPRegen 0.13/turn

%: no passive effects
@: heroic
A: horns 2, retaliatory headbutt
a: Renounce Religion, Heroism, Finesse, Duel


You were on level 13 of the Dungeon.
You worshipped Okawaru.
Okawaru was exalted by your worship.
You visited 4 branches of the dungeon, and saw 19 of its levels.
You also visited: Ossuary.

You collected 1899 gold pieces.

Inventory:

Hand Weapons
 a - the +5 scimitar of the Bespelling Hawk (weapon) {heavy, rF+}
   (Okawaru gifted it to you on level 1 of the Lair of Beasts)

   rF:        It protects you from fire.
 b - a +0 hand axe of flaming
 c - a +0 long sword
Missiles
 n - 3 throwing nets (quivered)
Armour
 d - a +0 tower shield (worn)
 g - a +0 hat of stealth (worn)
 y - a +0 plate armour
 L - a +1 pair of boots of stealth (worn)
 N - +0 swamp dragon scales
 Q - the +6 crystal plate armour of the Disturbing Hells (worn) {Str+2}
   (Okawaru gifted it to you on level 12 of the Dungeon)

   Str:       It affects your strength (+2).
Jewellery
 h - a +4 ring of protection (left hand)
 x - an amulet of regeneration (around neck)
 G - a ring of willpower (right hand)
 K - a +4 ring of protection
Wands
 r - a wand of digging (6)
 B - a wand of flame (25)
 D - a wand of roots (8)
 R - a wand of polymorph (2)
Scrolls
 f - 6 scrolls of fog
 j - 4 scrolls of teleportation
 m - 3 scrolls of immolation
 p - 3 scrolls of amnesia
 t - 3 scrolls of fear
 v - 6 scrolls of poison
 w - 3 scrolls of summoning
 z - 2 scrolls of enchant armour
 C - 4 scrolls of magic mapping
 H - 4 scrolls of enchant weapon
 J - 3 scrolls of noise
 M - a scroll of brand weapon
 O - 7 scrolls of identify
 P - a scroll of blinking
Potions
 e - 4 potions of might
 i - 4 potions of flight
 k - 6 potions of mutation
 l - 7 potions of curing
 o - 3 potions of magic
 q - 4 potions of berserk rage
 s - a potion of heal wounds
 u - 2 potions of ambrosia
 A - a potion of brilliance
 E - 2 potions of cancellation
 F - 2 potions of resistance
 I - a potion of haste


   Skills:
 + Level 12.3(17.3) Fighting
 + Level 15.2(20.2) Long Blades
 + Level 14.9(19.9) Armour
 + Level 4.2(9.2) Dodging
 + Level 1.5(6.5) Stealth
 + Level 18.6(23.6) Shields
 + Level 2.3 Invocations
 + Level 1.3 Evocations


You had 12 spell levels left.
You didn't know any spells.
Your spell library contained the following spells:

 Spells                   Type           Power      Damage    Failure   Level
 Apportation              Tloc           0%         N/A       100%        1
 Kiss of Death            Conj/Necr      0%         2d5       100%        1
 Necrotise                Necr           0%         1d4       100%        1
 Slow                     Hex            0%         N/A       100%        1
 Confusing Touch          Hex            0%         N/A       100%        3
 Vampiric Draining        Necr           0%         2d6       100%        3
 Anguish                  Hex/Necr       0%         N/A       100%        4
 Cause Fear               Hex            0%         N/A       100%        4
 Dispel Undead            Necr           0%         3d6       100%        4
 Petrify                  Tmut/Erth      0%         N/A       100%        4
 Agony                    Necr           0%         N/A       100%        5
 Alistair's Intoxication  Tmut/Pois      0%         N/A       100%        5
 Blade Hands              Tmut           0%         N/A       100%        5
 Borgnjor's Vile Clutch   Necr/Erth      0%         N/A       100%        5
 Irradiate                Conj/Tmut      0%         3d11      100%        5
 Metabolic Englaciation   Hex/Ice        0%         N/A       100%        5
 Eringya's Noxious Bog    Tmut/Pois      0%         N/A       100%        6
 Statue Form              Tmut/Erth      0%         N/A       100%        6
 Dragon Form              Tmut           0%         N/A       100%        7
 Enfeeble                 Hex            0%         N/A       100%        7
 Summon Small Mammal      Summ           Unusable   N/A       N/A         1

Dungeon Overview and Level Annotations

Branches:
Dungeon (13/15)            Temple (1/1) D:5            Lair (3/5) D:10
 Shoals (0/4) Lair:3       Spider (0/4) Lair:3          Orc (2/2) D:11
    Elf (0/3) Orc:2        Vaults (0/5) D:13        Ossuary (visited)

Altars:
Cheibriados
Dithmenos
Elyvilon
Hepliaklqana
Okawaru
Qazlal
Trog
Uskayaw
Vehumet
Wu Jian
Yredelemnul
The Shining One

Shops:
D:1 :((*   D:8 :(![   D:9 *   Orc:2 !*?*:

Annotations:
D:3 1 runed translucent door, Crazy Yiuf


Innate Abilities, Weirdness & Mutations

You have a pair of horns on your head.
You reflexively headbutt those who attack you in melee.


Message History

The storm dragon is lightly wounded.
The storm dragon bites you but does no damage.
The storm dragon claws you. You block the storm dragon's attack.
You closely miss the storm dragon.
The storm dragon is lightly wounded.
The storm dragon breathes lightning at you.
The bolt of lightning misses you. The bolt of lightning hits you!!
The bolt of lightning hits the storm dragon.
The storm dragon completely resists.
You barely miss the storm dragon. You headbutt the storm dragon.
The storm dragon is lightly wounded.
You block the storm dragon's attack. x2; The storm dragon tramples you.
You stumble backwards!
The storm dragon bites you but does no damage.
The storm dragon barely misses you. You block the storm dragon's attack.
You slice the storm dragon!!
The storm dragon is moderately wounded.
You block the storm dragon's attack. x3
You slash the storm dragon! Your headbutt misses the storm dragon.
The storm dragon is heavily wounded.
The storm dragon bites you!
* * * LOW HITPOINT WARNING * * *
The storm dragon claws you.
* * * LOW HITPOINT WARNING * * *
The storm dragon tramples you.
* * * LOW HITPOINT WARNING * * *
You hold your ground!
You hit the storm dragon but do no damage.
The storm dragon is heavily wounded.
The storm dragon bites you but does no damage.
You block the storm dragon's attack.
The storm dragon tramples you but does no damage.
You open the storm dragon like a pillowcase!!!
You headbutt the storm dragon, but do no damage.
The storm dragon is almost dead.
The storm dragon breathes lightning at you.
The bolt of lightning hits you!
* * * LOW HITPOINT WARNING * * *
The bolt of lightning hits you!!!
You die...

# ###..................# #
# ##.##########......# # #
#.# #......# # # #.#
#......# # # #.####
#......# # # ####....#####
#......# # # #...........#
######## # #
#...........#### # #
#...........)D@# # #
#..#######..############ #
###..# ... #..#.....#....#
# ..#..#
....#..#.....####.###### #
..#### ....#.D#..H..#
#......### ..#
...'..'.....#########....
..# .'..'...D.#............
..#
######..#######............
...
.......(÷p..T.p............


You could see a storm dragon (catching breath).

Vanquished Creatures
  Gastronok (Lair:2)
  An ironbound preserver (D:13)
  Josephine (Orc:1)
  A catoblepas (Lair:1)
  A boulder beetle (D:12)
  5 two-headed ogres
  2 death yaks (Lair:2)
  A tengu warrior (D:13)
  Urug (Orc:1)
  Pikel (D:7)
  An orc knight (Orc:2)
  2 cyclopes
  3 ugly things
  2 manticores (D:13)
  A merfolk siren (Lair:3)
  11 elephants
  2 gargoyles
  2 torpor snails (Lair:2)
  A cane toad (Lair:1)
  An unseen horror (D:12)
  A black mamba (Lair:3)
  Maggie (Lair:1)
  2 kobold demonologists (D:10)
  2 rime drakes
  4 komodo dragons
  2 tengu conjurers (D:13)
  5 polar bears
  3 trolls
  A meliai (D:13)
  3 blink frogs
  3 dream sheep (Lair:2)
  A slime creature (D:13)
  3 shadows
  4 wyverns
  4 wraiths
  35 yaks
  4 basilisks
  5 steam dragons
  4 vampire mosquitoes (D:13)
  Menkaure (D:6)
  3 wargs (Orc:1)
  An acid dragon (D:9)
  9 water moccasins
  30 orc warriors
  A swamp drake (D:10)
  2 ice beasts
  A black bear (D:5)
  3 ogres
  14 centaurs
  9 wolves (Lair:1)
  2 phantoms (D:11)
  4 kobold brigands
  9 bullfrogs
  A gnoll sergeant (D:12)
  A scorpion (D:5)
  2 wights
  18 killer bees
  2 troll zombies (D:11)
  2 howler monkeys
  6 electric eels
  2 hounds
  7 orc priests
  A gnoll bouda (D:7)
  3 sleepcaps (D:6)
  Jessica (D:3)
  3 iguanas
  15 orc wizards
  Terence (D:3)
  6 ogre zombies (D:11)
  A human simulacrum (D:11)
  14 mummies (Ossuary)
  10 gnolls
  5 adders
  A shadow imp (D:6)
  3 white imps
  4 ufetubi
  2 dart slugs (D:1)
  37 orcs
  2 ball pythons (D:4)
  3 endoplasms
  3 giant cockroaches
  5 goblins
  5 hobgoblins
  2 jackals (D:2)
  20 kobolds
  3 quokkas
  2 bats
  6 frilled lizards
  6 goblin skeletons
  4 goblin zombies (D:11)
  2 hobgoblin skeletons (D:11)
  3 hobgoblin zombies (D:11)
  A kobold skeleton (Ossuary)
  5 orc skeletons
  12 orc zombies (D:11)
  5 rats
  11 rat skeletons (Ossuary)
465 creatures vanquished.

Vanquished Creatures (others)
  A human simulacrum (D:11)
  2 orcs (D:8)
3 creatures vanquished.

Grand Total: 468 creatures vanquished

Notes
Turn   | Place    | Note
-------+----------+-------------------------------------------
     0 | D:1      | Peloso the Minotaur Fighter began the quest for the Orb.
     0 | D:1      | Reached XP level 1. HP: 19/19 MP: 0/0
   186 | D:1      | Found Emaimat's Antique Weapon Emporium.
   337 | D:1      | Found a faded altar of an unknown god.
   371 | D:1      | Reached XP level 2. HP: 27/27 MP: 1/1
   383 | D:1      | Found Cail's Weapon Emporium.
   517 | D:1      | Found Subeove's Assorted Antiques.
   631 | D:1      | Found Fuqoumam's Book Shop.
   882 | D:1      | Found a glowing golden altar of the Shining One.
  1001 | D:2      | Reached XP level 3. HP: 33/33 MP: 2/2
  1251 | D:3      | Reached skill level 4 in Shields
  1395 | D:3      | Noticed Jessica
  1406 | D:3      | Killed Jessica
  1407 | D:3      | Reached XP level 4. HP: 35/40 MP: 3/3
  1426 | D:3      | Noticed Terence
  1433 | D:3      | Killed Terence
  1569 | D:3      | Reached XP level 5. HP: 44/46 MP: 4/4
  1605 | D:3      | Reached skill level 1 in Dodging
  2015 | D:3      | Found a runed translucent door.
  2016 | D:3      | Noticed Crazy Yiuf
  2085 | D:4      | Found a sand-covered staircase.
  2090 | Ossuary  | Entered an ossuary
  2272 | Ossuary  | Reached skill level 5 in Long Blades
  2419 | Ossuary  | Reached XP level 6. HP: 53/53 MP: 5/5
  2853 | D:4      | Reached skill level 5 in Armour
  2922 | D:4      | Noticed an ice beast
  2950 | D:3      | Killed an ice beast
  2951 | D:3      | Reached skill level 5 in Fighting
  2951 | D:3      | Reached XP level 7. HP: 14/59 MP: 6/6
  3272 | D:4      | Reached skill level 5 in Shields
  3935 | D:5      | Entered Level 5 of the Dungeon
  4464 | D:5      | Found a basalt altar of Yredelemnul.
  4480 | D:5      | Reached XP level 8. HP: 29/69 MP: 7/7
  4831 | D:5      | Reached skill level 6 in Shields
  4908 | D:5      | Found a stormy altar of Qazlal.
  5052 | D:5      | Found a staircase to the Ecumenical Temple.
  5061 | Temple   | Entered the Ecumenical Temple
  5067 | Temple   | Became a worshipper of Warmaster Okawaru
  5266 | D:6      | Noticed Menkaure
  5272 | D:6      | Killed Menkaure
  6590 | D:7      | Reached * piety under Okawaru
  6591 | D:7      | Reached skill level 7 in Shields
  6591 | D:7      | Reached XP level 9. HP: 21/75 MP: 8/8
  6784 | D:7      | Noticed Pikel
  6813 | D:7      | Killed Pikel
  6814 | D:7      | Reached skill level 10 in Long Blades
  7120 | D:7      | Reached ** piety under Okawaru
  7220 | D:7      | Reached skill level 8 in Shields
  7704 | D:8      | Found a snail-covered altar of Cheibriados.
  7846 | D:8      | Found Ulunuhuh's Book Shoppe.
  7858 | D:8      | Found Deebereg's Antique Weapon Boutique.
  8195 | D:8      | Found Mimeiroa's Distillery.
  8360 | D:8      | Found Qiagg's Antique Armour Boutique.
  8505 | D:9      | Found Peif's General Store.
  8575 | D:9      | Reached skill level 9 in Shields
  8594 | D:9      | Reached *** piety under Okawaru
  8595 | D:9      | Reached XP level 10. HP: 81/86 MP: 9/9
  8906 | D:9      | Reached skill level 10 in Armour
  9156 | D:9      | Found a hazy altar of Hepliaklqana.
  9161 | D:9      | Found a shadowy altar of Dithmenos.
  9217 | D:9      | Noticed a two-headed ogre
  9229 | D:9      | Killed a two-headed ogre
  9229 | D:9      | Reached **** piety under Okawaru
  9230 | D:9      | Reached skill level 10 in Shields
  9373 | D:10     | Entered Level 10 of the Dungeon
  9456 | D:10     | Reached skill level 11 in Shields
  9568 | D:10     | Identified the +5 whip "Linep" {vamp, rC+ Will- Str+6}
  9996 | D:10     | Reached XP level 11. HP: 82/94 MP: 7/10
 10731 | D:10     | Found a staircase to the Lair.
 10915 | D:11     | Noticed a two-headed ogre
 10927 | D:11     | Killed a two-headed ogre
 10928 | D:11     | Reached skill level 1 in Stealth
 11066 | D:11     | Noticed a two-headed ogre
 11080 | D:11     | Killed a two-headed ogre
 11414 | D:11     | Reached skill level 1 in Invocations
 11474 | D:11     | Found a staircase to the Orcish Mines.
 11636 | D:11     | Noticed a two-headed ogre
 11651 | D:11     | Killed a two-headed ogre
 11652 | D:11     | Reached skill level 12 in Shields
 12314 | D:11     | Reached ***** piety under Okawaru
 12740 | D:12     | Noticed a boulder beetle
 12745 | D:12     | Noticed a purple ugly thing
 12768 | D:11     | Killed a purple ugly thing
 12898 | Lair:1   | Entered Level 1 of the Lair of Beasts
 13090 | Lair:1   | Reached skill level 13 in Shields
 13098 | Lair:1   | Reached skill level 1 in Evocations
 13411 | Lair:1   | Noticed Maggie
 13427 | Lair:1   | Killed Maggie
 13764 | Lair:2   | Reached XP level 12. HP: 102/105 MP: 12/12
 13836 | Lair:1   | Reached skill level 14 in Shields
 14139 | Lair:2   | Noticed a catoblepas
 14474 | Lair:1   | Killed a catoblepas
 14474 | Lair:1   | Identified the +5 scimitar of the Bespelling Hawk {heavy,
                  | rF+} (Okawaru gifted it to you on level 1 of the Lair of
                  | Beasts)
 14474 | Lair:1   | Received a gift from Okawaru
 14660 | Lair:2   | Reached skill level 15 in Shields
 14678 | Lair:2   | Noticed Gastronok
 14701 | Lair:2   | Killed Gastronok
 14734 | Lair:2   | Noticed a death yak
 14736 | Lair:2   | Noticed a death yak
 14753 | Lair:2   | Killed a death yak
 14759 | Lair:2   | Received a gift from Okawaru
 14763 | Lair:2   | Reached skill level 10 in Fighting
 14767 | Lair:2   | Killed a death yak
 14866 | Lair:2   | Reached skill level 16 in Shields
 15677 | Lair:3   | Reached XP level 13. HP: 102/116 MP: 13/13
 15839 | Lair:3   | Found a hole to the Spider Nest.
 15917 | Lair:3   | Reached ****** piety under Okawaru
 15990 | Lair:3   | Found a staircase to the Shoals.
 16787 | D:12     | Identified the +6 crystal plate armour of the Disturbing
                  | Hells {Str+2} (Okawaru gifted it to you on level 12 of the
                  | Dungeon)
 16787 | D:12     | Received a gift from Okawaru
 16788 | D:12     | Reached skill level 17 in Shields
 17038 | Orc:1    | Entered Level 1 of the Orcish Mines
 17059 | Orc:1    | Noticed Urug
 17085 | Orc:1    | Killed Urug
 17138 | Orc:1    | Noticed Josephine
 17148 | Orc:1    | Killed Josephine
 17149 | Orc:1    | Reached skill level 15 in Long Blades
 17350 | Orc:2    | Entered Level 2 of the Orcish Mines
 17483 | Orc:2    | Found Ojoamyd's Vocational Training.
 17703 | Orc:2    | Found Hevyst's General Store.
 17703 | Orc:2    | Found Geuduluw's Magic Scroll Shoppe.
 17705 | Orc:2    | Found Xetet's General Store.
 17707 | Orc:2    | Found Qoverr's Distillery.
 17763 | Orc:2    | Reached skill level 18 in Shields
 17860 | Orc:2    | Found a staircase to the Elven Halls.
 18662 | D:13     | Noticed an ironbound preserver
 18681 | D:13     | Found a gate to the Vaults.
 18903 | D:13     | Noticed a storm dragon
 18920 | D:13     | Killed an ironbound preserver
 18936 | D:13     | Killed from afar by a storm dragon (shapeshifter)

Illustrated notes

Levels and vault maps discovered:
D:1:      dpeg_arrival_water_altar, layout_basic,
          shapermc_ecumenical_altar_pompeii, serial_forest,
          infiniplex_forest_clump_tiny, infiniplex_forest_clump_cross,
          infiniplex_forest_clump_large, infiniplex_forest_end_2,
          infiniplex_forest_clump_double, serial_shops, shop,
          nicolae_shop_pleasant_corner_grove, nicolae_shop_tiny_real_fake_doors,
          nicolae_shop_temple_entry_statues_fountains,
          chequers_serial_rivers_micro_b
D:2:      layout_rooms
D:3:      layout_basic, nicolae_titane, uniq_terence, uniq_crazy_yiuf_cottage,
          uniq_jessica
D:4:      layout_loops_ring, enter_ossuary_2, serial_rivers,
          chequers_serial_rivers_large_b, chequers_serial_rivers_micro_c,
          chequers_serial_rivers_small_b, chequers_serial_rivers_micro_b,
          chequers_serial_rivers_micro_c, chequers_serial_rivers_small_3,
          minmay_manual_moon
D:5:      layout_cave_pools, mainiacjoe_overflow_cross_hatched,
          minmay_temple_entry_trees, serial_park, serial_park_square3
          [serial_park_minivault_5x5_6], serial_park_gazebo
          [serial_park_minivault_5x5_5], serial_park_square2,
          serial_park_avenue1, hangedman_decor_clover_reticule,
          kb_lookout_dungeons_type, minmay_small_thing
D:6:      layout_basic, uniq_menkaure
D:7:      layout_loops_cross, serial_co_window_serial, co_window_paths_a,
          co_window_corner_a, co_window_paths_a, co_window_of_opportunity_a,
          co_window_of_opportunity_a, co_window_paths_a, co_window_corner_b,
          co_window_broadway_c, co_window_unsneaky_path_e, co_window_2corner,
          glass_columns_a, uniq_pikel
D:8:      layout_rooms, nicolae_overflow_crystal_walls, serial_shops, shop,
          nicolae_inconvenience_store, nicolae_diamond_shop, shop
D:9:      layout_basic, riverfiend_overflow_shadow_ancestor, serial_shops,
          nicolae_stop_n_shop_1, minmay_fractal_squares_gapless_5
D:10:     layout_roguey, erik_lair_dragon
D:11:     layout_cave_pods, zombieorc2_lemuel, grunt_ministairs_14,
          bh_circular_ruins
D:12:     layout_long_grid
D:13:     layout_basic, skrybe_vaults_entry_preservation, lemuel_flamethrower_2
Temple:   eino_narrow_crystal_temple
Lair:1:   layout_gridlike, chequers_serial_rivers_micro_c, lemuel_fruit_fields,
          serial_bayou_shore_a, uniq_maggie
Lair:2:   layout_small_grid, cheibrodos_lair_lostbears, grunt_megastairs_3,
          uniq_gastronok
Lair:3:   layout_small_grid, minmay_shoals_entry_lonely_mermaid,
          dummy_spider_entry
Orc:1:    layout_caves, uniq_urug, uniq_josephine
Orc:2:    st_orc_rangers, layout_diamond_mine, nicolae_shop_vocational

Skill      XL: |  1  2  3  4  5  6  7  8  9 10 11 12 13 |
---------------+----------------------------------------+-----
Armour         | 4 5 6 8 9 11 12 14 | 14.9
Long Blades    | 3 4 5 6 7 9 11 13 14 15 | 15.2
Shields        | 4 5 7 9 11 13 16 18 | 18.6
Fighting       | 4 5 6 7 9 11 12 | 12.3
Dodging        | 1 2 3 4 |  4.2
Stealth        | 1 |  1.5
Invocations    | 1 2 |  2.3
Evocations     | 1 |  1.3

Action                     |  1- 3 |  4- 6 |  7- 9 | 10-12 | 13-15 || total
---------------------------+-------+-------+-------+-------+-------++-------
  Melee: Long sword        |    75 |   175 |   362 |   736 |       ||  1348
         Headbutt          |     9 |    32 |    78 |   225 |    80 ||   424
         Scimitar          |       |       |       |   162 |   354 ||   516
 Invoke: Heroism           |       |       |       |    15 |     4 ||    19
  Evoke: Wand              |       |       |     3 |     8 |       ||    11
    Use: Scroll            |     1 |    12 |     3 |    16 |     4 ||    36
         Potion            |       |     2 |       |     3 |       ||     5
 Armour: Scale mail        |    50 |    62 |    55 |       |       ||   167
         Plate armour      |       |       |   131 |   511 |    25 ||   667
         Crystal plate arm |       |       |       |       |   303 ||   303
  Dodge: Dodged            |    33 |    74 |   122 |   249 |   135 ||   613
  Block: Buckler           |    15 |    22 |    75 |   134 |       ||   246
         Tower shield      |       |       |       |   482 |   667 ||  1149
